 Dungeon Crawl Stone Soup version 0.26-a0-466-g989023bd0d (webtiles) character file.

Game seed: 18384721743512553960

109691 vurker the Gelid (level 16, 2/116 HPs)
             Began as an Octopode Ice Elementalist on Aug 9, 2020.
             Was a High Priest of Vehumet.
             Quit the game on level 2 of the Abyss.
             The game lasted 01:01:17 (35516 turns).

vurker the Gelid (Octopode Ice Elementalist)       Turns: 35516, Time: 01:01:18

Health: 2/116      AC:  5    Str:  8    XL:     16   Next: 53%
Magic:  13/53      EV: 17    Int: 23    God:    Vehumet [*****.]
Gold:   2183       SH: 11    Dex: 13    Spells: 19/46 levels left

rFire    . . .     SeeInvis +   a - staff of cold
rCold    + + .     Faith    .   I - +1 buckler
rNeg     . . .     Spirit   .   (helmet restricted)
rPois    .         Reflect  +   m - amulet of reflection
rElec    .         Harm     .   p - +4 ring of protection
rCorr    .                      s - ring of ice
MR       +....                  C - ring of magical power
Stlth    ++++......             E - ring of magical power
HPRegen  0.29/turn              L - ring of stealth
MPRegen  0.33/turn              M - ring of protection from fire
                                N - ring of see invisible
                                o - +4 ring of evasion

@: no status effects
A: almost no armour, stealthy swim, amphibious, 8 rings, constrict 8, camouflage
1, gelatinous body 1
a: Renounce Religion


You were on level 2 of the Abyss.
You worshipped Vehumet.
Vehumet was extremely pleased with you.
You visited 5 branches of the dungeon, and saw 26 of its levels.
You visited the Abyss 2 times.
You also visited: Ice Cave.

You collected 2638 gold pieces.
You spent 455 gold pieces at shops.

Inventory:

Hand Weapons
 b - a +3 dagger of electrocution
   (You found it on level 5 of the Dungeon)
Armour
 I - a +1 buckler (worn)
   (You found it on level 4 of the Dungeon)
Magical Staves
 a - an uncursed staff of cold (weapon)
   (You acquired it on level 9 of the Dungeon)
Jewellery
 e - an uncursed ring of resist corrosion
   (You found it on level 4 of the Lair of Beasts)
 m - an amulet of reflection (around mantle)
   (You found it on level 9 of the Dungeon)
 o - a +4 ring of evasion (on tentacle)
   (You found it on level 6 of the Lair of Beasts)
 p - a +4 ring of protection (left tentacle)
   (You found it on level 3 of the Dungeon)
 s - a ring of ice (right tentacle)
   (You found it on level 9 of the Dungeon)
 C - a ring of magical power (on tentacle)
   (You found it on level 9 of the Dungeon)
 E - a ring of magical power (on tentacle)
   (You found it on level 1 of the Lair of Beasts)
 L - a ring of stealth (on tentacle)
   (You found it on level 3 of the Lair of Beasts)
 M - a ring of protection from fire (on tentacle)
   (You found it on level 15 of the Dungeon)
 N - a ring of see invisible (on tentacle)
   (You found it on level 4 of the Lair of Beasts)
 O - an uncursed ring of flight
   (You found it on level 4 of the Lair of Beasts)
 Q - an uncursed amulet of guardian spirit {unknown}
   (You found it on level 15 of the Dungeon)
Wands
 c - a wand of disintegration (38)
   (You found it on level 9 of the Dungeon)
 d - a wand of iceblast (8)
   (You found it on level 2 of the Swamp)
 f - a wand of clouds (6)
   (You found it on level 4 of the Dungeon)
 t - a wand of flame (69)
   (You found it on level 2 of the Lair of Beasts)
 u - a wand of paralysis (8)
   (You found it on level 1 of the Swamp)
 x - a wand of acid (9)
   (You found it on level 12 of the Dungeon)
 K - a wand of enslavement (9)
   (You found it on level 3 of the Lair of Beasts)
Scrolls
 l - 9 scrolls of enchant weapon
 n - 12 scrolls of remove curse
 q - 5 scrolls of amnesia
 r - 2 scrolls of enchant armour
 w - 7 scrolls of fog
 y - 17 scrolls of teleportation
 A - 2 scrolls of fear
 D - 2 scrolls of immolation
 F - 3 scrolls of blinking
 J - 11 scrolls of identify
 P - 2 scrolls of magic mapping
Potions
 g - 3 potions of flight
 h - 9 potions of haste
 i - 3 potions of ambrosia
 j - 10 potions of curing
 k - 6 potions of heal wounds
 v - 2 potions of resistance
 z - 3 potions of invisibility
 B - 2 potions of mutation
 G - 2 potions of lignification
 H - 4 potions of brilliance
 R - 5 potions of cancellation
 S - 3 potions of magic


   Skills:
 + Level 12.5 Fighting
 - Level 2.0 Dodging
 - Level 2.6 Stealth
 - Level 4.0 Shields
 * Level 15.9 Spellcasting
 - Level 3.0 Conjurations
 - Level 3.0 Summonings
 * Level 17.4 Ice Magic
 * Level 4.3 Earth Magic


You had 19 spell levels left.
You knew the following spells:

 Your Spells              Type           Power        Failure   Level
a - Freeze                Ice            ####         0%          1
b - Frozen Ramparts       Ice            ######       0%          3
c - Hailstorm             Conj/Ice       #######.     1%          4
d - Summon Ice Beast      Ice/Summ       #######.     1%          4
e - Shatter               Erth           #####.....   100%        9
z - Freezing Cloud        Conj/Ice/Air   #######...   8%          6

Your spell library contained the following spells:

 Spells                   Type           Power        Failure   Level
 Ozocubu's Armour         Ice            ########     0%          3
 Foxfire                  Conj/Fire      ####         1%          1
 Magic Dart               Conj           ####         1%          1
 Sandblast                Erth           #####.       1%          1
 Call Imp                 Summ           ####....     1%          2
 Conjure Flame            Conj/Fire      ####....     1%          3
 Mephitic Cloud           Conj/Pois/Air  ###.....     1%          3
 Ice Form                 Ice/Tmut       #######.     1%          4
 Inner Flame              Hex/Fire       ###.....     2%          3
 Animate Skeleton         Necr           ###...       3%          1
 Beastly Appendage        Tmut           ###...       3%          1
 Corona                   Hex            ###....      3%          1
 Pain                     Necr           ###.         3%          1
 Sting                    Tmut/Pois      ###.         3%          1
 Blink                    Tloc           N/A          4%          2
 Slow                     Hex            ###.....     4%          2
 Wereblood                Tmut           ###.....     4%          2
 Sticky Flame             Conj/Fire      ####....     4%          4
 Lee's Rapid Deconstruct  Erth           #####.....   4%          5
 Portal Projectile        Hex/Tloc       ###...       10%         3
 Spider Form              Tmut/Pois      ###.......   10%         3
 Vampiric Draining        Necr           ###.......   10%         3
 Leda's Liquefaction      Hex/Erth       ####......   13%         4
 Fireball                 Conj/Fire      ####......   13%         5
 Simulacrum               Ice/Necr       #######...   13%         6
 Yara's Violent Unravell  Hex/Tmut       ###.......   22%         5
 Iron Shot                Conj/Erth      #####.....   26%         6
 Animate Dead             Necr           ###.......   30%         4
 Cause Fear               Hex            ###.......   30%         4
 Borgnjor's Vile Clutch   Necr/Erth      ####......   34%         5
 Agony                    Necr           ###.....     65%         5
 Blade Hands              Tmut           ###.......   65%         5
 Silence                  Hex/Air        ###.......   65%         5
 Death Channel            Necr           ###.......   99%         6
 Discord                  Hex            ###.......   100%        8


Dungeon Overview and Level Annotations

Branches:
Dungeon (15/15)            Temple (1/1) D:4            Lair (6/6) D:9
  Swamp (2/4) Lair:3       Spider (0/4) Lair:2        Slime (0/5) Lair:5
    Orc (2/2) D:9             Elf (0/3) Orc:2        Vaults (0/5) D:13
 Depths (0/5) D:15          IceCv (visited)

Altars:
Ashenzari
Cheibriados
Dithmenos
Elyvilon
Fedhas
Gozag
Hepliaklqana
Kikubaaqudgha
Makhleb
Okawaru
Qazlal
Ru
Sif Muna
Trog
Uskayaw
Vehumet
Wu Jian
Xom
Yredelemnul
Zin
The Shining One
Beogh
Jiyva

Shops:
D:10 *   D:12 ?((:   Orc:1 (   Orc:2 :(*[[

Annotations:
Lair:5 1 runed translucent door
Swamp:1 2 transporters, Yhuudgh's ghost, adept TrBe
Swamp:2 Louise


Innate Abilities, Weirdness & Mutations

You cannot wear most types of armour.
You are very stealthy in the water. (Stealth+)
You are amphibious.
You can wear up to eight rings at the same time.
You can use your tentacles to constrict eight enemies at once.
Your skin changes colour to match your surroundings (Stealth+).
Your rubbery body absorbs attacks. (AC +1, EV +1)


Message History

You squeeze the tentacled starspawn, but do no damage.
Your ice beast disappears in a puff of smoke!
The tentacled starspawn bites you!
* * * LOW HITPOINT WARNING * * *
The tentacled starspawn engulfs you!
* * * LOW HITPOINT WARNING * * *
Your ice beast hits the tentacled starspawn.
Your ice beast freezes the tentacled starspawn!!
The starspawn tentacle completely misses your ice beast.
The tentacled starspawn bites you!
* * * LOW HITPOINT WARNING * * *
You block the tentacled starspawn's attack.
You barely miss the tentacled starspawn.
Your ice beast hits the tentacled starspawn.
Your ice beast freezes the tentacled starspawn!
The starspawn tentacle grabs your ice beast.
The starspawn tentacle constricts your ice beast.
The starspawn tentacle loses its grip on your ice beast.
The tentacle pulls your ice beast backwards!
Your ice beast hits the tentacled starspawn but does no damage.
A starspawn tentacle segment comes into view.
You hit the starspawn tentacle segment but do no damage.
You freeze the starspawn tentacle segment!!
You destroy the tentacled starspawn!
Vehumet accepts your kill.
You feel your power returning.
The starspawn's tentacles wither and die.
Your ice beast misses the raiju.
A raiju comes into view.
You block the raiju's attack.
Found a corrupted altar of Lugonu.
The raiju bursts into living lightning!
The living lightning misses you.
The raiju blinks! x2
The raiju bursts into living lightning!
The living lightning misses you.
The raiju blinks!
The raiju bursts into living lightning!
The living lightning hits you.
* * * LOW HITPOINT WARNING * * *
The raiju blinks!
You hit the raiju but do no damage. You grab the raiju. You squeeze the raiju.
You constrict the raiju. You block the raiju's attack.
You hit the raiju but do no damage. You freeze the raiju!!
You constrict the raiju.
The raiju bursts into living lightning!
The living lightning hits you!
* * * LOW HITPOINT WARNING * * *
The raiju blinks free!
The raiju bursts into living lightning!
The living lightning misses you.
The raiju blinks!
Okay, then.

# #. #§## .....
..#. ..
.......#.. # ...
............##...
.#.#.....#.#...#
. ≈.§....Y≈....#
..# #.≈§..#.#.#.#
...#§......#.. .#
#.#.#.#@#.#.#.#
.$..h............
.#.........♣..#.
.#..#....#..###
##†..........# ..
....###.h..♣# ..
...# #...... .
.... ........ .
♣. .. . ..≈♣♣♣♣#
#


You could see 2 raiju and a friendly ice beast (summoned).

Vanquished Creatures
  A tentacled starspawn (Abyss:2)
  Agnes (D:14)
  Kirke (D:12)
  An orc warlord (Orc:2)
  Aizul (Swamp:1)
  3 vault guards (D:13)
  3 hydras
  A rakshasa (D:15)
  4 centaur warriors
  5 death yaks (Lair:5)
  An anaconda (Lair:6)
  An ogre mage (D:15)
  7 two-headed ogres
  5 alligators
  2 tengu warriors (D:14)
  Urug (Orc:2)
  An orc high priest (Orc:1)
  2 spriggan druids (Swamp:2)
  An unseen horror (D:15)
  2 wizards
  2 orc knights (Orc:2)
  A deep elf mage (D:14)
  2 orc sorcerers (Orc:2)
  9 ugly things
  2 cyclopes
  2 manticores
  4 elephants (Lair:2)
  2 oklob plants
  A black mamba (Lair:3)
  An ice statue (Lair:4)
  3 rust devils
  A cane toad (shapeshifter) (D:15)
  A centaur zombie (D:12)
  14 cane toads
  Maggie (D:9)
  A gargoyle (D:13)
  3 centaur skeletons
  A rime drake (Lair:3)
  3 yaktaurs (D:15)
  2 kobold demonologists
  7 komodo dragons
  4 trolls
  A queen bee (shapeshifter) (D:15)
  7 hornets
  10 polar bears
  4 slime creatures
  2 tyrant leeches (Swamp:2)
  11 blink frogs
  4 raiju
  A bog body (Swamp:2)
  A raiju (shapeshifter) (D:15)
  4 hippogriffs
  33 yaks
  6 spriggans
  A shadow (Swamp:1)
  A vampire (D:14)
  2 wyverns
  4 wraiths
  3 basilisks
  6 fire elementals (D:12)
  8 humans
  4 hogs (D:12)
  4 vampire mosquitoes
  7 wargs
  6 swamp worms
  17 hell hounds
  3 insubstantial wisps (Swamp:1)
  11 water moccasins
  Duvessa (D:6)
  7 porcupines
  25 orc warriors
  5 sky beasts
  9 ice beasts
  3 boggarts (D:13)
  2 phantoms
  4 swamp drakes
  12 black bears
  An eye of draining (D:11)
  11 ogres
  21 centaurs
  14 crocodiles
  24 wolves
  4 big kobolds
  9 bullfrogs
  2 scorpions
  Dowan (D:6)
  A small abomination (Abyss:2)
  4 killer bees
  4 howler monkeys
  7 wights
  2 electric eels (Lair:6)
  2 lava snakes (Lair:4)
  3 jellies
  2 bullfrog zombies
  16 orc priests
  20 orc wizards
  6 hounds
  4 bullfrog skeletons
  3 iguanas
  13 worker ants
  A hound skeleton (D:7)
  13 gnolls
  10 adders
  A howler monkey skeleton (D:4)
  2 shadow imps
  2 white imps
  2 ufetubi
  2 oozes
  2 adder zombies
  An adder skeleton (D:4)
  5 worms
  4 dart slugs
  3 leopard geckos
  79 orcs
  3 ball pythons
  5 giant cockroaches
  10 goblins
  4 hobgoblins
  17 jackals
  17 kobolds
  3 quokkas
  A ball python skeleton (D:4)
  8 bats
  4 frilled lizards
  A giant cockroach zombie (D:5)
  A quokka zombie (D:6)
  7 rats
  8 fungi
  10 plants
740 creatures vanquished.

Vanquished Creatures (collateral kills)
  Azrael (D:12)
  3 hydras
  2 catoblepae
  3 two-headed ogres
  2 alligators (Swamp:1)
  A death yak (Lair:3)
  An orc high priest (Orc:2)
  A glowing orange brain (D:15)
  8 ugly things
  2 elephants (Lair:2)
  2 black mambas
  4 centaur skeletons
  A kobold demonologist (D:15)
  A rime drake (Lair:6)
  4 komodo dragons
  A troll (Orc:1)
  A tyrant leech (Swamp:1)
  2 polar bears (Lair:6)
  A hippogriff (Lair:3)
  7 slime creatures
  A bog body (Swamp:1)
  A raiju (Abyss:2)
  A human (shapeshifter) (D:15)
  10 yaks
  2 humans (D:13)
  A basilisk (Lair:3)
  A steam dragon (D:9)
  4 vampire mosquitoes
  A warg (Lair:6)
  A floating eye (shapeshifter) (D:15)
  A water moccasin (Lair:6)
  10 ice beasts
  A swamp drake (Swamp:1)
  A black bear (Lair:6)
  3 orc warriors (Orc:2)
  2 ogres
  A centaur (D:12)
  10 wolves
  Blork the orc (Orc:2)
  2 wyvern skeletons
  A bullfrog zombie (D:12)
  An orc wizard (Orc:2)
  An orc priest (D:14)
  A hound (D:14)
  A worker ant zombie (D:11)
  A white imp (D:8)
  5 orcs
  A jackal (D:9)
  A quokka (D:8)
  2 fungi (Lair:3)
118 creatures vanquished.

Vanquished Creatures (others)
  A swamp dragon (Swamp:1)
  A tyrant leech (Swamp:1)
  A centaur (D:12)
  A big kobold (D:9)
  An orc wizard (Orc:1)
  An orc (Orc:2)
  34 plants
  2 starspawn tentacles (Abyss:2)
42 creatures vanquished.

Grand Total: 900 creatures vanquished

Notes
Turn   | Place    | Note
-------+----------+-------------------------------------------
     0 | D:1      | vurker the Octopode Ice Elementalist began the quest for
                  | the Orb.
     0 | D:1      | Reached XP level 1. HP: 11/11 MP: 3/3
   470 | D:1      | Reached XP level 2. HP: 6/18 MP: 1/5
  1376 | D:2      | Reached XP level 3. HP: 12/22 MP: 2/6
  1381 | D:2      | Learned a level 3 spell: Frozen Ramparts
  1659 | D:2      | Reached skill level 1 in Fighting
  2135 | D:2      | Reached XP level 4. HP: 21/28 MP: 4/8
  2376 | D:2      | Learned a level 4 spell: Hailstorm
  2957 | D:2      | Reached XP level 5. HP: 26/33 MP: 9/9
  2984 | D:2      | Reached skill level 1 in Conjurations
  3185 | D:3      | Reached skill level 5 in Ice Magic
  3819 | D:3      | Reached XP level 6. HP: 34/39 MP: 6/11
  3825 | D:3      | Learned a level 4 spell: Summon Ice Beast
  4036 | D:3      | Found a sacrificial altar of Ru.
  4324 | D:4      | Found a staircase to the Ecumenical Temple.
  4333 | Temple   | Entered the Ecumenical Temple
  4387 | Temple   | Became a worshipper of Vehumet
  4651 | D:4      | Reached skill level 1 in Summonings
  4800 | D:4      | Found a glowing golden altar of the Shining One.
  4988 | D:4      | Found an ornate altar of the Wu Jian Council.
  5209 | D:5      | Entered Level 5 of the Dungeon
  5447 | D:5      | Reached skill level 1 in Shields
  5447 | D:5      | Reached XP level 7. HP: 41/45 MP: 7/13
  5627 | D:5      | You fall into a shaft and drop 2 floors!
  5646 | D:7      | Found a hide-covered altar of Uskayaw.
  6234 | D:5      | Found an ancient bone altar of Kikubaaqudgha.
  6325 | D:5      | Reached * piety under Vehumet
  6325 | D:5      | Offered knowledge of Magic Dart by Vehumet.
  6340 | D:5      | Reached XP level 8. HP: 51/51 MP: 10/14
  6388 | D:5      | Reached skill level 6 in Ice Magic
  7152 | D:5      | Reached skill level 5 in Spellcasting
  7712 | D:6      | Noticed Duvessa
  7714 | D:6      | Noticed Dowan
  7719 | D:6      | Killed Dowan
  7730 | D:6      | Killed Duvessa
  7959 | D:7      | Reached skill level 7 in Ice Magic
  8051 | D:7      | Identified the Tome of Dusty Poisoning
  8076 | D:7      | Reached XP level 9. HP: 45/58 MP: 9/17
  8235 | D:7      | Found a shimmering blue altar of Sif Muna.
  8422 | D:7      | Found an iron altar of Okawaru.
  9070 | D:8      | Found a snail-covered altar of Cheibriados.
  9338 | D:8      | Offered knowledge of Foxfire by Vehumet.
  9340 | D:8      | Reached ** piety under Vehumet
  9351 | D:8      | Reached skill level 8 in Ice Magic
  9618 | D:8      | Found a shattered altar of Ashenzari.
 10168 | D:9      | Identified a scroll of acquirement
 10168 | D:9      | Acquired an uncursed staff of cold
 10237 | D:9      | Got a slimy falchion
 10300 | D:9      | Reached skill level 5 in Fighting
 10425 | D:9      | Found a staircase to the Orcish Mines.
 10463 | D:9      | Found a staircase to the Lair.
 10466 | D:9      | Offered knowledge of Static Discharge by Vehumet.
 10519 | D:9      | Identified the +6 falchion "Ustriopuj" {distort, rElec
                  | Str+6} (You found it on level 9 of the Dungeon)
 10520 | D:9      | Cast into level 2 of the Abyss (unwielding a weapon of
                  | distortion)
 10588 | Abyss:2  | Noticed a freezing wraith
 10592 | Abyss:2  | Noticed a skeletal warrior
 10650 | Abyss:2  | Reached XP level 10. HP: 66/66 MP: 14/20
 10667 | Abyss:2  | Noticed a large abomination
 10670 | Abyss:2  | Noticed a death knight
 10674 | D:9      | Escaped the Abyss
 10682 | D:9      | Reached skill level 9 in Ice Magic
 10737 | D:9      | Found a shimmering altar of Xom.
 10852 | D:8      | Noticed a rust devil
 10852 | D:8      | Noticed a rust devil
 10874 | D:9      | Killed a rust devil
 10875 | D:9      | Killed a rust devil
 11130 | D:9      | Reached *** piety under Vehumet
 11302 | D:9      | Noticed Maggie
 11306 | D:9      | Killed Maggie
 11508 | D:10     | Entered Level 10 of the Dungeon
 11538 | D:10     | Found Zegrops's Lightly-Used Armoury.
 11557 | D:10     | Noticed a two-headed ogre
 11567 | D:10     | Killed a two-headed ogre
 11624 | D:10     | Reached skill level 10 in Ice Magic
 12701 | D:11     | Reached XP level 11. HP: 74/74 MP: 19/24
 12748 | D:11     | Got a transparent trident
 12751 | D:11     | Identified the +6 trident "Dutirasch" {freeze, *Noise rN+
                  | Str+2 Stlth+} (You found it on level 11 of the Dungeon)
 12888 | D:11     | Offered knowledge of Airstrike by Vehumet.
 13021 | D:11     | Noticed a two-headed ogre
 13031 | D:11     | Killed a two-headed ogre
 13161 | D:11     | Reached skill level 11 in Ice Magic
 14172 | D:11     | Reached **** piety under Vehumet
 14500 | D:12     | Offered knowledge of Dazzling Flash by Vehumet.
 14504 | D:12     | Reached skill level 10 in Spellcasting
 14569 | D:12     | Noticed a brown ugly thing
 14580 | D:12     | Killed a brown ugly thing
 14680 | D:12     | Noticed a two-headed ogre
 14685 | D:12     | Killed a two-headed ogre
 14892 | D:12     | Noticed Kirke
 14905 | D:12     | Killed Kirke
 14905 | D:12     | Reached skill level 12 in Ice Magic
 14905 | D:12     | Reached XP level 12. HP: 75/82 MP: 9/26
 14989 | D:12     | Found Ruangoti's Weapon Emporium.
 15409 | D:12     | Noticed Azrael
 15443 | D:12     | Killed Azrael
 15708 | D:12     | Found Dakus's Book Shop.
 15953 | D:12     | Noticed a five-headed hydra
 15960 | D:12     | Killed a five-headed hydra
 16031 | D:12     | Found Xiginown's Weapon Shoppe.
 16194 | D:12     | Found Soevys's Magic Scroll Boutique.
 16197 | D:12     | Bought a scroll of blinking for 127 gold pieces
 16197 | D:12     | Bought a scroll of teleportation for 51 gold pieces
 16197 | D:12     | Bought a scroll of identify for 34 gold pieces
 16197 | D:12     | Bought a scroll of identify for 34 gold pieces
 16197 | D:12     | Bought a scroll of teleportation for 51 gold pieces
 16197 | D:12     | Bought a scroll of identify for 34 gold pieces
 16197 | D:12     | Bought a scroll of identify for 34 gold pieces
 16391 | Lair:1   | Entered Level 1 of the Lair of Beasts
 16887 | Lair:1   | Reached ***** piety under Vehumet
 17028 | Lair:1   | Offered knowledge of Lee's Rapid Deconstruction by Vehumet.
 17679 | Lair:2   | Reached skill level 13 in Ice Magic
 17809 | Lair:2   | Found a hole to the Spider Nest.
 17855 | Lair:2   | Found a frozen archway.
 17861 | IceCv    | Entered an ice cave
 17885 | IceCv    | Reached XP level 13. HP: 83/90 MP: 20/28
 18805 | Lair:3   | Found a staircase to the Swamp.
 20288 | Lair:4   | Reached skill level 14 in Ice Magic
 20397 | Lair:4   | Learned a level 5 spell: Lee's Rapid Deconstruction
 20648 | Lair:4   | Got a smoking war axe
 20656 | Lair:4   | Identified the +10 war axe of Jizeinnyto {drain, *Contam
                  | +Inv rF+ rN+ MP+9} (You found it on level 4 of the Lair of
                  | Beasts)
 20724 | Lair:4   | Offered knowledge of Iskenderun's Mystic Blast by Vehumet.
 20910 | Lair:4   | Reached skill level 10 in Fighting
 22056 | Lair:5   | Found a runed translucent door.
 22056 | Lair:5   | Found a viscous altar of Jiyva.
 22056 | Lair:5   | Noticed an acid blob
 22057 | Lair:5   | Found a staircase to the Slime Pits.
 22057 | Lair:5   | Noticed an acid blob
 22139 | Lair:5   | Reached XP level 14. HP: 99/99 MP: 31/31
 22812 | Lair:6   | Entered Level 6 of the Lair of Beasts
 23830 | Lair:6   | Reached skill level 15 in Ice Magic
 24029 | Lair:6   | Offered knowledge of Orb of Destruction by Vehumet.
 25020 | Lair:6   | Got a scorched war axe
 25021 | Lair:6   | Identified the +7 war axe of the Fool {freeze, rPois rN++
                  | Int-5} (You found it on level 6 of the Lair of Beasts)
 25363 | Orc:1    | Entered Level 1 of the Orcish Mines
 25729 | Orc:1    | Found Kuikoich's Weapon Shoppe.
 25872 | Orc:2    | Entered Level 2 of the Orcish Mines
 25879 | Orc:2    | Offered knowledge of Spellforged Servitor by Vehumet.
 26511 | Orc:2    | Noticed Blork the orc
 26516 | Orc:2    | Noticed Urug
 26516 | Orc:2    | Killed Blork the orc
 26518 | Orc:2    | Noticed an orc warlord
 26540 | Orc:2    | Killed an orc warlord
 26542 | Orc:2    | Killed Urug
 27183 | Orc:2    | Found a roughly hewn altar of Beogh.
 27192 | Orc:2    | Found Jutanlum's Antique Armour Boutique.
 27306 | Orc:2    | Found Kinlu's Book Boutique.
 27330 | Orc:2    | Found Juemyregh's General Store.
 27361 | Orc:2    | Bought a potion of heal wounds for 90 gold pieces
 27388 | Orc:2    | Reached XP level 15. HP: 107/107 MP: 33/33
 27408 | Orc:2    | Found Hukog's Armour Shoppe.
 27510 | Orc:2    | Found a staircase to the Elven Halls.
 27557 | Orc:2    | Found Uvuris's Antique Weapon Boutique.
 27627 | Orc:2    | Found a roughly hewn altar of Beogh.
 28299 | D:13     | Offered knowledge of Starburst by Vehumet.
 28522 | D:13     | Reached skill level 16 in Ice Magic
 28612 | D:13     | Found a gate to the Vaults.
 29101 | D:14     | Noticed Agnes
 29112 | D:14     | Killed Agnes
 29914 | D:14     | Reached skill level 15 in Spellcasting
 30452 | D:15     | Entered Level 15 of the Dungeon
 30814 | D:15     | Offered knowledge of Freezing Cloud by Vehumet.
 30847 | D:15     | Reached ****** piety under Vehumet
 31046 | D:15     | Found a staircase to the Depths.
 31597 | D:15     | Learned a level 6 spell: Freezing Cloud
 31607 | D:15     | Learned a level 9 spell: Shatter
 31660 | D:15     | Reached XP level 16. HP: 114/114 MP: 35/35
 31681 | D:15     | Reached skill level 17 in Ice Magic
 31762 | D:15     | Reached skill level 1 in Earth Magic
 32421 | Swamp:1  | Entered Level 1 of the Swamp
 33319 | Swamp:1  | Noticed Aizul
 33327 | Swamp:1  | Killed Aizul
 33799 | Swamp:1  | Found a transporter.
 33816 | Swamp:1  | Noticed Yhuudgh's ghost (adept TrBe)
 34221 | Swamp:1  | Found a transporter.
 35425 | Swamp:2  | Noticed Louise
 35429 | Swamp:2  | Cast into level 2 of the Abyss (Louise)
 35498 | Abyss:2  | Noticed a tentacled starspawn
 35508 | Abyss:2  | Killed a tentacled starspawn
 35509 | Abyss:2  | Found a corrupted altar of Lugonu.
 35514 | Abyss:2  | HP: 2/116 [raiju/living lightning (10)]
 35516 | Abyss:2  | Quit the game

Illustrated notes

Levels and vault maps discovered:
D:1:      saegor_arrival_simple_e, layout_basic
D:2:      layout_loops_ring, kennysheep_minor_cross
D:3:      layout_rooms, old_standard_altar, grunt_ministairs_13,
          kennysheep_generic_room_14
D:4:      layout_gridville, tso_altar, lemuel_crystal_altar,
          minmay_temple_entry_junction_2, grunt_ministairs_6
D:5:      minmay_angry_zag, layout_loops_ring, marbit_many_paths
D:6:      layout_basic, uniq_duvessa
D:7:      layout_basic, old_standard_altar, eat_drink_and_be_merry_uskayaw,
          okawaru_trees_1
D:8:      cheibrodos_iron_armory, layout_basic, evilmike_ruin_ashenzari,
          nicolae_overflow_crystal_walls
D:9:      layout_rooms, old_standard_altar, lair_entry_dummy, orc_0_dummy,
          enter_bailey_7, mrwooster_statue_mirror, uniq_maggie
D:10:     layout_stronghold, minmay_shop_damaged
D:11:     layout_layer_cave, minivault_5, minmay_radiant
D:12:     layout_stronghold, serial_shops, shop, nicolae_shop_crystal,
          kennysheep_little_box, nicolae_shop_crystal, uniq_azrael, uniq_kirke
D:13:     layout_roguey, ximxim_vaults_locker_room
D:14:     layout_basic, kennysheep_path_1, uniq_agnes
D:15:     gammafunk_enter_depths_forms, layout_loops_ring,
          chequers_serial_rivers_micro_d
Temple:   dshaligram_water_room_temple
Lair:1:   layout_cave_pods
Lair:2:   layout_chaotic_city, spider_nest_entry_a,
          portal_ice_cave_entry_ice_beasts, grunt_megastairs_2,
          serial_bayou_shore_a
Lair:3:   layout_regular_city, swamp_mist, st_stairs_3,
          cheibrodos_lair_reptile_den
Lair:4:   statuecave_lemuel, layout_gridlike, beast_lair_carwin_6,
          lemuel_fruit_tree, grunt_megastairs_3
Lair:5:   layout_roguey, slime_altar_2, serial_bayou_shore_b,
          serial_bayou_shore_b
Lair:6:   hangedman_lair_caniforms_friends, layout_gridlike, patterned_corridor,
          grunt_megastairs_5
Swamp:1:  layout_basic_swamp, gammafunk_ghost_mausoleum,
          evilmike_swamp_ruin_house_1, swamp_pool4, infiniplex_staircase_pool,
          uniq_aizul
Swamp:2:  layout_falls_marsh, gammafunk_ghost_necromancy, serial_swamp_ruin,
          evilmike_swamp_ruin_house_3, evilmike_swamp_ruin_rubble_1,
          evilmike_swamp_ruin_house_4, uniq_louise
Orc:1:    layout_caves, serial_shops, nicolae_shop_trees, nicolae_orc_lava_tube
Orc:2:    grunt_orc_cross, layout_diamond_mine, basic_altar, serial_shops, shop
Abyss:2:  base: D:4, base: Spider:3, hangedman_decor_riveting,
          evilmike_abyss_exit_8

Skill      XL: |  1  2  3  4  5  6  7  8  9 10 11 12 13 14 15 16 |
---------------+-------------------------------------------------+-----
Fighting       | 1 2 3 5 6 8 9 10 11 12 | 12.5
Spellcasting   | 3 4 5 7 9 10 11 13 14 15 | 15.9
Conjurations   | 1 2 3 |  3.0
Ice Magic      | 5 7 8 10 12 13 14 15 16 17 | 17.4
Summonings     | 1 2 3 |  3.0
Shields        | 1 2 4 |  4.0
Earth Magic    | 4 |  4.3
Dodging        | |  2.0
Stealth        | |  2.6

Action                   |  1- 3 |  4- 6 |  7- 9 | 10-12 | 13-15 | 16-18 || total
-------------------------+-------+-------+-------+-------+-------+-------++-------
Melee: Unarmed           |    43 |       |       |       |       |       ||    43
       Constrict         |    15 |    19 |    12 |     6 |     3 |     2 ||    57
       Tentacles         |    11 |    14 |     8 |    11 |    12 |    12 ||    68
       Dagger            |     8 |    75 |    12 |       |    28 |       ||   123
       Staff             |       |       |    26 |    37 |    62 |    30 ||   155
 Cast: Freeze            |    35 |    49 |    53 |    58 |    93 |    22 ||   310
       Frozen Ramparts   |       |     9 |    30 |    42 |    43 |     2 ||   126
       Hailstorm         |       |       |    57 |   137 |   405 |    84 ||   683
       Summon Ice Beast  |       |       |    13 |    45 |   154 |    35 ||   247
       Lee's Rapid Decon |       |       |       |       |    10 |       ||    10
       Freezing Cloud    |       |       |       |       |       |    18 ||    18
Evoke: Wand              |       |       |     1 |       |       |       ||     1
  Use: Scroll            |       |     3 |    18 |     8 |     6 |       ||    35
       Potion            |       |       |       |     2 |     2 |     1 ||     5
 Stab: Sleeping          |     5 |     8 |     2 |       |     1 |       ||    16
       Distracted        |       |       |       |     1 |     2 |       ||     3
Armor: Skin              |     2 |    31 |    17 |    24 |    39 |    10 ||   123
Dodge: Dodged            |    40 |    90 |    68 |    82 |   161 |    66 ||   507
Block: Buckler           |       |     3 |    31 |    43 |   133 |    58 ||   268
       Reflection        |       |       |       |       |    19 |     3 ||    22

Table legend: (Time is in decaauts)
 A = Elapsed time spent in this place.
 B = Non-inter-level travel time spent in this place.
 C = Inter-level travel time spent in this place.
 D = Time resting spent in this place.
 E = Time spent auto-exploring this place.
 F = Levels seen in this place.
 G = Mean time per level.
                   A        B        C        D        E       F      G
               +--------+--------+--------+--------+--------+-----+--------+
         Total |  35569 |  34273 |   1296 |    928 |  28389 |  29 | 1226.5 |
       Dungeon |  20868 |  20008 |    860 |    706 |  16451 |  15 | 1391.2 |
        Temple |     63 |     55 |      8 |      0 |     46 |   1 |   63.0 |
          Lair |   9204 |   8872 |    332 |    161 |   7496 |   6 | 1534.0 |
         Swamp |   2460 |   2435 |     25 |      2 |   2122 |   2 | 1230.0 |
  Orcish Mines |   2384 |   2314 |     70 |     20 |   1950 |   2 | 1192.0 |
         Abyss |    243 |    243 |      0 |     39 |    100 |   2 |  121.5 |
      Ice Cave |    345 |    345 |      0 |      0 |    223 |   1 |  345.0 |
               +--------+--------+--------+--------+--------+-----+--------+

Top non-repeatable levels by time:
  Lair:6: 2440 daAuts
  Lair:3: 2096 daAuts
    D:12: 1868 daAuts
     D:2: 1821 daAuts
    D:14: 1743 daAuts
    D:11: 1740 daAuts
    D:15: 1516 daAuts
   Orc:2: 1487 daAuts
  Lair:4: 1417 daAuts
     D:9: 1384 daAuts
 Swamp:1: 1382 daAuts
    D:10: 1357 daAuts
     D:5: 1351 daAuts
     D:1: 1346 daAuts
    D:13: 1252 daAuts
